GCL
WASHINGTON (GCL) NATIONALS @ BALTIMORE (GCL) ORIOLES
06/27/2098
 
TOP OF THE 1ST
Washington (GCL) Nationals batting - Pitching for Baltimore (GCL) Orioles : RHP Sean Fresh
Pitching: RHP Sean Fresh
Batting: RHB Leonard Holmes 0-0: Ball
1-0: Swinging Strike
1-1: Foul Ball, location: 5FF
1-2: Ball
2-2: SINGLE (Line Drive, 8LS, EV 97.5 MPH)
Batting: RHB Josh Alfaro 0-0: Ball
Leonard Holmes steals 2nd base (no throw)
1-0: Called Strike
1-1: Ground out 6-3 (Groundball, 6, EV 88.8 MPH)
Leonard Holmes to third
Batting: RHB Jeremiah Bell 0-0: DOUBLE (Line Drive, 9LM, EV 111.3 MPH)
Leonard Holmes scores
Batting: LHB Corey Daffron 0-0: Called Strike
0-1: SINGLE (Line Drive, 7S, EV 92.5 MPH)
Jeremiah Bell to third
Batting: RHB Josh Baker 0-0: Fly out, F9 (Flyball, 9S, EV 85.6 MPH)
Batting: RHB Jim Miller 0-0: Foul Ball, location: 5F
0-1: SINGLE (Groundball, 56D, EV 108.8 MPH)
Jeremiah Bell scores
Corey Daffron to second
Batting: RHB Ryan Hunter 0-0: Called Strike
0-1: Called Strike
0-2: Foul Ball, location: 9LMFF
0-2: 3-RUN HOME RUN (Flyball, 7LD, EV 98.1 MPH), Distance : 365 ft
Batting: RHB Ryan Usery 0-0: Fly out, F8 (Line Drive, 8RD, EV 94.4 MPH)
Top of the 1st over - 5 runs, 5 hits, 0 errors, 0 left on base; Washington (GCL) 5 - Baltimore (GCL) 0
BOTTOM OF THE 1ST
Baltimore (GCL) Orioles batting - Pitching for Washington (GCL) Nationals : RHP Mario Ramirez
Pitching: RHP Mario Ramirez
Batting: LHB Octavio Salgado 0-0: Ball
1-0: Ball
2-0: Called Strike
2-1: Swinging Strike
2-2: Strikes out swinging
Batting: RHB Edwin Santiago 0-0: Ball
1-0: Called Strike
1-1: Ball
2-1: Foul Ball, location: 5F
2-2: Ball
3-2: Foul Ball, location: 23FF
3-2: Strikes out looking
Batting: RHB John Larsen 0-0: Fly out, F8 (Flyball, 89M, EV 96.3 MPH)
Bottom of the 1st over - 0 runs, 0 hits, 0 errors, 0 left on base; Washington (GCL) 5 - Baltimore (GCL) 0
TOP OF THE 2ND
Washington (GCL) Nationals batting - Pitching for Baltimore (GCL) Orioles : RHP Sean Fresh
Batting: RHB Miles Hostetler 0-0: Called Strike
0-1: Ball
1-1: Ball
2-1: Ground out 6-3 (Groundball, 6, EV 92.5 MPH)
Batting: RHB Leonard Holmes 0-0: SINGLE (Flyball, 6MD, EV 73.1 MPH)
Batting: RHB Josh Alfaro 0-0: Ball
1-0: Swinging Strike
1-1: Ball
2-1: Foul Ball, location: 23FF
2-2: Ball
3-2: SINGLE (Groundball, P, EV 83.8 MPH) (infield hit)
Leonard Holmes to second
Pitching: RHP Jonathan Cordova
Batting: RHB Jeremiah Bell 0-0: Ball
1-0: Foul Ball, location: 3FF
1-1: Called Strike
Leonard Holmes steals 3rd base
1-2: Ball
2-2: Strikes out swinging
Batting: LHB Corey Daffron 0-0: Ground out U3 (Groundball, 34, EV 83.1 MPH)
Top of the 2nd over - 0 runs, 2 hits, 0 errors, 2 left on base; Washington (GCL) 5 - Baltimore (GCL) 0
BOTTOM OF THE 2ND
Baltimore (GCL) Orioles batting - Pitching for Washington (GCL) Nationals : RHP Mario Ramirez
Batting: SHB Jason Massey 0-0: Called Strike
0-1: Ball
1-1: Fly out, F7 (Flyball, 7D, EV 87.5 MPH)
Batting: RHB Francisco Ferrer 0-0: Fly out, F3 (Popup, 3SF, EV 72.5 MPH)
Batting: RHB Melvin Paredes 0-0: Swinging Strike
0-1: Ball
1-1: Ball
2-1: Foul Ball, location: 5F
2-2: Strikes out looking
Bottom of the 2nd over - 0 runs, 0 hits, 0 errors, 0 left on base; Washington (GCL) 5 - Baltimore (GCL) 0
TOP OF THE 3RD
Washington (GCL) Nationals batting - Pitching for Baltimore (GCL) Orioles : RHP Jonathan Cordova
Batting: RHB Josh Baker 0-0: Called Strike
0-1: Called Strike
0-2: Fly out, F7 (Flyball, 7, EV 91.3 MPH)
Batting: RHB Jim Miller 0-0: Called Strike
0-1: DOUBLE (Groundball, 5L, EV 93.8 MPH)
Batting: RHB Ryan Hunter 0-0: SINGLE (Line Drive, 9S, EV 91.9 MPH)
Jim Miller to third
Batting: RHB Ryan Usery 0-0: Ball
1-0: Ball
2-0: Fly out, F9 (Flyball, 9LM, EV 91.9 MPH)
Batting: RHB Miles Hostetler 0-0: Ball
1-0: Called Strike
1-1: Ball
2-1: Swinging Strike
2-2: Ball
3-2: Strikes out swinging
Top of the 3rd over - 0 runs, 2 hits, 0 errors, 2 left on base; Washington (GCL) 5 - Baltimore (GCL) 0
BOTTOM OF THE 3RD
Baltimore (GCL) Orioles batting - Pitching for Washington (GCL) Nationals : RHP Mario Ramirez
Batting: RHB Bobby Cruz 0-0: Ball
1-0: Ball
2-0: Called Strike
2-1: Ball
3-1: Called Strike
3-2: Base on Balls
Batting: RHB Enrique Castaneda 0-0: Ball
1-0: Ball
2-0: Foul Ball, location: 9LMF
2-1: Swinging Strike
2-2: Strikes out swinging
Batting: RHB Rich Escalante 0-0: Foul Ball, location: 2F
0-1: Ball
1-1: Foul Ball, location: 3F
1-2: Ball
2-2: Ball
3-2: Strikes out looking
Batting: LHB Octavio Salgado 0-0: Swinging Strike
0-1: Called Strike
0-2: Ball
1-2: Ball
2-2: Ball
3-2: Foul Ball, location: 7LSF
3-2: Strikes out looking
Bottom of the 3rd over - 0 runs, 0 hits, 0 errors, 1 left on base; Washington (GCL) 5 - Baltimore (GCL) 0
TOP OF THE 4TH
Washington (GCL) Nationals batting - Pitching for Baltimore (GCL) Orioles : RHP Jonathan Cordova
Batting: RHB Leonard Holmes 0-0: SINGLE (Line Drive, 8LS, EV 88.8 MPH)
Batting: RHB Josh Alfaro 0-0: SINGLE (Groundball, 34, EV 89.4 MPH)
Leonard Holmes to second
Runner from 2nd tries for 3rd, SAFE, no throw by RF
Batting: RHB Jeremiah Bell 0-0: Fly out, F9 (Flyball, 9D, EV 92.5 MPH)
Runner from 3rd tags up, SCORES, no throw by RF
Batting: LHB Corey Daffron 0-0: TRIPLE (Flyball, 89XD, EV 110.6 MPH)
Josh Alfaro scores
Batting: RHB Josh Baker 0-0: Foul Ball, location: 2LF
0-1: Ball
1-1: Ball
2-1: Ground out 5-3 (Groundball, 56, EV 82.5 MPH)
Corey Daffron scores
Batting: RHB Jim Miller 0-0: Called Strike
0-1: Ground out 5-3 (Groundball, 56, EV 80.6 MPH)
Top of the 4th over - 3 runs, 3 hits, 0 errors, 0 left on base; Washington (GCL) 8 - Baltimore (GCL) 0
BOTTOM OF THE 4TH
Baltimore (GCL) Orioles batting - Pitching for Washington (GCL) Nationals : RHP Mario Ramirez
Batting: RHB Edwin Santiago 0-0: Ball
1-0: Called Strike
1-1: Called Strike
1-2: DOUBLE (Line Drive, 78XD, EV 103.8 MPH)
Batting: RHB John Larsen 0-0: Ball
1-0: Ball
2-0: Ground out 6-3 (Groundball, 6, EV 107.5 MPH)
Edwin Santiago to third
Batting: SHB Jason Massey 0-0: Ball
1-0: Foul Ball, location: 2F
1-1: Foul Ball, location: 3FF
1-2: Ball
2-2: Strikes out swinging
Batting: RHB Francisco Ferrer 0-0: Ball
1-0: Called Strike
1-1: Called Strike
1-2: Ground out 5-3 (Groundball, 56, EV 108.8 MPH)
Bottom of the 4th over - 0 runs, 1 hit, 0 errors, 1 left on base; Washington (GCL) 8 - Baltimore (GCL) 0
TOP OF THE 5TH
Washington (GCL) Nationals batting - Pitching for Baltimore (GCL) Orioles : RHP Jonathan Cordova
Batting: RHB Ryan Hunter 0-0: Ball
1-0: Ball
2-0: Ball
3-0: Base on Balls
Batting: RHB Ryan Usery 0-0: Called Strike
0-1: Fielders Choice at 2nd, 3-6 (Groundball, 34, EV 82.5 MPH)
Batting: RHB Miles Hostetler 0-0: SINGLE (Groundball, 34D, EV 98.1 MPH)
Ryan Usery to second
Runner from 2nd tries for 3rd, SAFE, no throw by RF
Batting: RHB Leonard Holmes 0-0: Called Strike
0-1: Swinging Strike
0-2: Foul Ball, location: 3F
0-2: Strikes out swinging
Batting: RHB Josh Alfaro 0-0: Ball
1-0: SINGLE (Flyball, 78S, EV 95.0 MPH)
Ryan Usery scores
Miles Hostetler to second
Batting: RHB Jeremiah Bell 0-0: Ball
1-0: Called Strike
1-1: Ball
2-1: Foul Ball, location: 3F
2-2: Foul Ball, location: 9LMF
2-2: Strikes out swinging
Top of the 5th over - 1 run, 2 hits, 0 errors, 2 left on base; Washington (GCL) 9 - Baltimore (GCL) 0
BOTTOM OF THE 5TH
Baltimore (GCL) Orioles batting - Pitching for Washington (GCL) Nationals : RHP Mario Ramirez
Batting: RHB Melvin Paredes 0-0: Called Strike
0-1: Ground out 6-3 (Groundball, 6, EV 79.4 MPH)
Batting: RHB Bobby Cruz 0-0: Called Strike
0-1: Called Strike
0-2: Ball
1-2: Ground out 1-3 (Groundball, 13S, EV 68.1 MPH)
Batting: RHB Enrique Castaneda 0-0: Swinging Strike
0-1: Foul Ball, location: 2F
0-2: Ball
1-2: Strikes out swinging
Bottom of the 5th over - 0 runs, 0 hits, 0 errors, 0 left on base; Washington (GCL) 9 - Baltimore (GCL) 0
TOP OF THE 6TH
Washington (GCL) Nationals batting - Pitching for Baltimore (GCL) Orioles : RHP Jonathan Cordova
Batting: LHB Corey Daffron 0-0: Called Strike
0-1: Foul Ball, location: 7LDF
0-2: Ball
1-2: Foul Ball, location: 2F
1-2: Ball
2-2: Ball
3-2: Strikes out swinging
Pitching: RHP Antonio Samano
Batting: RHB Josh Baker 0-0: Ball
1-0: Ball
2-0: Ball
3-0: Base on Balls
Batting: RHB Jim Miller 0-0: Called Strike
0-1: Ball
1-1: Foul Ball, location: 2F
1-2: Strikes out looking
Batting: RHB Ryan Hunter 0-0: Called Strike
0-1: Ball
1-1: SINGLE (Line Drive, 9S, EV 110.6 MPH)
Josh Baker to second
Batting: RHB Ryan Usery 0-0: Called Strike
0-1: Swinging Strike
0-2: Ball
1-2: Ball
2-2: Fly out, F9 (Flyball, 89M, EV 83.1 MPH)
Top of the 6th over - 0 runs, 1 hit, 0 errors, 2 left on base; Washington (GCL) 9 - Baltimore (GCL) 0
BOTTOM OF THE 6TH
Baltimore (GCL) Orioles batting - Pitching for Washington (GCL) Nationals : RHP Mario Ramirez
Batting: RHB Rich Escalante 0-0: Called Strike
0-1: Foul Ball, location: 2F
0-2: Strikes out swinging
Pitching: RHP Ramon Ayala
Batting: LHB Octavio Salgado 0-0: Ball
1-0: Called Strike
1-1: Ball
2-1: Called Strike
2-2: Ground out U3 (Groundball, 34S, EV 89.4 MPH)
Batting: RHB Edwin Santiago 0-0: DOUBLE (Flyball, 8RD, EV 96.3 MPH)
Batting: RHB John Larsen 0-0: Ball
1-0: Called Strike
1-1: Ground out 6-3 (Groundball, 6, EV 102.5 MPH)
Bottom of the 6th over - 0 runs, 1 hit, 0 errors, 1 left on base; Washington (GCL) 9 - Baltimore (GCL) 0
TOP OF THE 7TH
Washington (GCL) Nationals batting - Pitching for Baltimore (GCL) Orioles : RHP Antonio Samano
Batting: RHB Miles Hostetler 0-0: Called Strike
0-1: Called Strike
0-2: Ball
1-2: Strikes out swinging
Pinch Hitting: RHB Carlos Padilla 0-0: Called Strike
0-1: Swinging Strike
0-2: Ball
1-2: Ground out 6-3 (Groundball, 6, EV 105.0 MPH)
Pinch Hitting: SHB Ross Mitchel 0-0: SINGLE (Line Drive, 7S, EV 84.4 MPH)
Batting: RHB Jeremiah Bell 0-0: Called Strike
0-1: SINGLE (Line Drive, 7LS, EV 88.1 MPH)
Ross Mitchel to second
Pinch Hitting: RHB Ryan Phillips 0-0: Ball
1-0: Foul Ball, location: 7LMF
1-1: Foul Ball, location: 7LMF
1-2: Fly out, F7 (Flyball, 7D, EV 93.8 MPH)
Top of the 7th over - 0 runs, 2 hits, 0 errors, 2 left on base; Washington (GCL) 9 - Baltimore (GCL) 0
BOTTOM OF THE 7TH
Baltimore (GCL) Orioles batting - Pitching for Washington (GCL) Nationals : RHP Ramon Ayala
Now at 2B: Carlos Padilla
Now at 3B: Ross Mitchel
Now in RF: Ryan Phillips
Batting: SHB Jason Massey 0-0: Called Strike
0-1: Swinging Strike
0-2: Strikes out looking
Pinch Hitting: LHB Luis Diaz 0-0: Called Strike
0-1: Ground out 1-3 (Groundball, 34S, EV 69.4 MPH)
Batting: RHB Melvin Paredes 0-0: Ball
1-0: Ground out 4-3 (Groundball, 4, EV 101.3 MPH)
Bottom of the 7th over - 0 runs, 0 hits, 0 errors, 0 left on base; Washington (GCL) 9 - Baltimore (GCL) 0
TOP OF THE 8TH
Washington (GCL) Nationals batting - Pitching for Baltimore (GCL) Orioles : RHP Antonio Samano
Now in RF: Luis Diaz
Batting: RHB Josh Baker 0-0: Ball
1-0: Called Strike
1-1: Fly out, F7 (Flyball, 7, EV 77.5 MPH)
Batting: RHB Jim Miller 0-0: Ball
1-0: Called Strike
1-1: Fly out, F4 (Popup, 23, EV 86.3 MPH)
Batting: RHB Ryan Hunter 0-0: Ball
1-0: Foul Ball, location: 2F
1-1: Ball
2-1: Ball
3-1: Base on Balls
Pinch Hitting: RHB Gus Novelo 0-0: Foul Ball, location: 2F
0-1: Fly out, F9 (Flyball, 89M, EV 100.6 MPH)
Top of the 8th over - 0 runs, 0 hits, 0 errors, 1 left on base; Washington (GCL) 9 - Baltimore (GCL) 0
BOTTOM OF THE 8TH
Baltimore (GCL) Orioles batting - Pitching for Washington (GCL) Nationals : RHP Ramon Ayala
Pitching: LHP Blair Blenkhorn
Now in CF: Ryan Phillips
Now in RF: Gus Novelo
Pinch Hitting: RHB Alejandro Madera 0-0: Called Strike
0-1: Foul Ball, location: 2LF
0-2: Strikes out swinging
Batting: RHB Enrique Castaneda 0-0: Foul Ball, location: 7LDF
0-1: Foul Ball, location: 5DF
0-2: Foul Ball, location: 2F
0-2: Strikes out swinging
Batting: RHB Rich Escalante 0-0: Ball
1-0: SINGLE (Line Drive, 6D, EV 103.8 MPH)
Batting: LHB Octavio Salgado 0-0: Called Strike
0-1: Ball
1-1: Called Strike
1-2: Strikes out looking
Bottom of the 8th over - 0 runs, 1 hit, 0 errors, 1 left on base; Washington (GCL) 9 - Baltimore (GCL) 0
TOP OF THE 9TH
Washington (GCL) Nationals batting - Pitching for Baltimore (GCL) Orioles : RHP Antonio Samano
Pitching: RHP Josh Gray
Now at 1B: Jose Trujillo
Pinch Hitting: SHB Mike Winfield 0-0: Ball
1-0: Called Strike
1-1: SINGLE (Line Drive, 8RS, EV 95.6 MPH)
Pinch Hitting: RHB Henele Akiliano 0-0: Called Strike
0-1: Ball
1-1: Ball
2-1: Swinging Strike
2-2: SINGLE (Line Drive, 8RS, EV 90.0 MPH)
Mike Winfield to second
Pinch Hitting: RHB Jordan Sowell 0-0: Ball
1-0: Swinging Strike
1-1: Foul Ball, location: 25F
1-2: Foul Ball, location: 2F
1-2: Ball
2-2: Ball
3-2: Foul Ball, location: 9LSF
3-2: Foul Ball, location: 2F
3-2: Foul Ball, location: 9LSF
3-2: Base on Balls
Mike Winfield to third
Henele Akiliano to second
Batting: RHB Jeremiah Bell 0-0: Foul Ball, location: 2F
0-1: Swinging Strike
0-2: Ball
1-2: Strikes out swinging
Pinch Hitting: LHB Francisco Galdamez 0-0: Called Strike
0-1: Ball
1-1: Called Strike
1-2: Foul Ball, location: 2F
1-2: Ball
2-2: Foul Ball, location: 5F
2-2: Strikes out swinging
Pinch Hitting: RHB Mario Villanueva 0-0: Called Strike
0-1: Fly out, F7 (Line Drive, 78M, EV 90.0 MPH)
Top of the 9th over - 0 runs, 2 hits, 0 errors, 3 left on base; Washington (GCL) 9 - Baltimore (GCL) 0
BOTTOM OF THE 9TH
Baltimore (GCL) Orioles batting - Pitching for Washington (GCL) Nationals : LHP Blair Blenkhorn
Now at C: Mike Winfield
Now at 2B: Jesus Ocampo
Now at 3B: Manny Marin
Now at SS: Ed Reyes
Now in CF: Gus Novelo
Now in RF: Jordan Sowell
Batting: RHB Edwin Santiago 0-0: SINGLE (Groundball, 6S, EV 66.3 MPH) (infield hit)
Pitching: LHP Jose Zapata
Batting: RHB John Larsen 0-0: Ball
1-0: Foul Ball, location: 2F
1-1: Called Strike
1-2: Strikes out swinging
Pinch Hitting: RHB Ricardo Cabrera 0-0: Called Strike
0-1: Hit by Pitch
Edwin Santiago to second
Pinch Hitting: RHB Lee O'Reilly 0-0: TRIPLE (Flyball, 78XD, EV 93.1 MPH)
Edwin Santiago scores
Ricardo Cabrera scores
Pinch Hitting: RHB Mike Baine 0-0: Ball
1-0: Ball
2-0: Foul Ball, location: 9LMF
2-1: Ground out 1-3 (Groundball, P, EV 60.6 MPH)
Batting: RHB Jose Trujillo 0-0: Called Strike
0-1: Called Strike
0-2: Ball
1-2: SINGLE (Line Drive, 8RS, EV 98.1 MPH)
Lee O'Reilly scores
Pinch Hitting: RHB Danny Santiago 0-0: Called Strike
0-1: Ball
1-1: Ball
2-1: Ball
3-1: Fielders Choice at 2nd, 5-4 (Groundball, 5L, EV 90.0 MPH)
Bottom of the 9th over - 3 runs, 3 hits, 0 errors, 1 left on base; Washington (GCL) 9 - Baltimore (GCL) 3
Monday, April 8th , 2024 - OOTP Baseball 24.11 Build 85